 Dungeon Crawl Stone Soup version 0.19-b1-3-g7dea586 (webtiles) character file.

23 spe3d0 the Covered (level 2, -2/24 HPs)
             Began as a Demonspawn Fighter on Oct 30, 2016.
             Killed from afar by Sigmund (8 damage)
             ... with a magic dart
             ... on level 2 of the Dungeon.
             The game lasted 00:00:56 (1109 turns).

spe3d0 the Covered (Demonspawn Fighter)             Turns: 1109, Time: 00:00:56

Health: -2/24      AC:  6    Str: 16    XL:     2   Next: 75%
Magic:  2/2        EV:  7    Int:  9    God:
Gold:   73         SH:  8    Dex: 12    Spells: 0 memorised, 1 level left

rFire  . . .     SeeInvis .     a - +0 rapier
rCold  . . .     Gourm    .     b - +0 scale mail
rNeg   . . .     Faith    .     c - +0 shield
rPois  .         Spirit   .     (no helmet)
rElec  .         Reflect  .     (no cloak)
rCorr  .         Harm     +     (no gloves)
MR     .....                    (no boots)
Stlth  ..........               A - amulet of harm
                                (no ring)
                                (no ring)

@: no status effects
A: sturdy frame 1
a: no special abilities


You were on level 2 of the Dungeon.
You were not hungry.

You visited 1 branch of the dungeon, and saw 2 of its levels.

You collected 73 gold pieces.


Innate Abilities, Weirdness & Mutations

Your movements are slightly less encumbered by armour. (ER -2)


   Skills:
 - Level 3.0 Fighting
 * Level 2.1 Short Blades
 * Level 3.1 Armour
 * Level 3.0 Shields


You had one spell level left.
You didn't know any spells.

Inventory:

Hand Weapons
 a - a +0 rapier (weapon)
Armour
 b - a +0 scale mail (worn)
 c - a +0 shield (worn)
Jewellery
 A - an amulet of harm (around neck)
Scrolls
 i - a scroll of blinking {unknown}
Potions
 d - a potion of might
 e - a potion of heal wounds {unknown}
Comestibles
 f - 2 bread rations {@e1}
 g - 6 chunks of flesh
 h - 2 fruits {@e2}

Dungeon Overview and Level Annotations

Branches:
Dungeon (2/15)

Altars:
Gozag
The Shining One

Annotations:
D:2 Sigmund

..####....##.......##
..........###.######
.......<....#.##
........###.#..##
...#####.# #..#..# .
.........# #####.#
.....#####.#######.#
.....##............#
....%.@@##.#########
......##......# #####
#......# #).....#
#........ #...?..###
#......# #......#
########


You could see Sigmund.


Message History

No target in view!
No target in view!
No target in view!
Things that are here:
a club; a hobgoblin corpse Sigmund hits you from afar with a scythe.
You hit Sigmund but do no damage. You block Sigmund's attack.
You hit Sigmund but do no damage. Sigmund hits you with a scythe!
You barely miss Sigmund. Sigmund hits you with a scythe.
* * * LOW HITPOINT WARNING * * *
You hit Sigmund.
Sigmund is lightly wounded.
You hit Sigmund but do no damage.
Sigmund is lightly wounded.
Sigmund hits you with a scythe.
* * * LOW HITPOINT WARNING * * *
You barely miss Sigmund.
Sigmund is lightly wounded.
You block Sigmund's attack.
You barely miss Sigmund.
Sigmund is lightly wounded.
Sigmund hits you with a scythe.
* * * LOW HITPOINT WARNING * * *
You hit Sigmund but do no damage.
Sigmund is lightly wounded.
You hit Sigmund but do no damage.
Sigmund is lightly wounded.
Sigmund casts a spell at you. The magic dart hits you!
You die...

Skill      XL: |  1  2 |
---------------+-------+-----
Short Blades   | 2 |  2.1
Shields        | 3 |  3.0
Armour         | 3 |  3.1
Fighting       | |  3.0

Action                   || total
-------------------------++-------
Melee: Rapier            ||    75
  Eat: Chunk             ||     1
Armor: Scale mail        ||    34
Dodge: Dodged            ||    16
Block: Shield            ||    24

Vault maps used:
D:1:      dpeg_arrival_rooms_c, serial_forest, infiniplex_forest_clump_diagonal,
          infiniplex_forest_clump_cross, infiniplex_forest_fountain,
          infiniplex_forest_straight_3, infiniplex_forest_lined_3,
          infiniplex_forest_clump_long, infiniplex_forest_end_1,
          infiniplex_forest_end_1, infiniplex_forest_clump_small, tso_altar
D:2:      nicolae_gozag_cash_rules_everything_around_me,
          uniq_crazy_yiuf_cottage, uniq_sigmund

Notes
Turn   | Place    | Note
-------+----------+-------------------------------------------
     0 | D:1      | spe3d0 the Demonspawn Fighter began the quest for the Orb.
     0 | D:1      | Reached XP level 1. HP: 18/18 MP: 1/1
   303 | D:1      | Reached skill level 2 in Short Blades
   349 | D:1      | Gained mutation: Your movements are slightly less encumbered by armour. (ER -2) [demonic ancestry]
   349 | D:1      | Reached XP level 2. HP: 22/24 MP: 2/2
   702 | D:1      | Found a glowing golden altar of the Shining One.
   759 | D:1      | Reached skill level 3 in Shields
   923 | D:2      | Reached skill level 3 in Armour
  1042 | D:2      | Found an opulent altar of Gozag.
  1093 | D:2      | Noticed Sigmund
  1109 | D:2      | Killed from afar by Sigmund

Vanquished Creatures
  A dart slug (D:1)
  A leopard gecko (D:2)
  3 bats
  A giant cockroach (D:2)
  6 goblins
  4 hobgoblins
  A frilled lizard (D:2)
17 creatures vanquished.
